 Dungeon Crawl Stone Soup version 0.30-a0-800-g7c544603b3 (webtiles) character file.

Game seed: 12705683719702671133

11113 Newt the Slicer (level 11, -1/121 HPs)
             Began as a Demonspawn Gladiator on Feb 22, 2023.
             Was a Believer of Hepliaklqana.
             Slain by an ice devil (7 damage)
             ... in an ice cave.
             The game lasted 00:12:51 (9370 turns).

Newt the Slicer (Demonspawn Gladiator)              Turns: 9370, Time: 00:12:52

Health: -1/121     AC: 25    Str: 17    XL:     11   Next: 45%
Magic:  18/18      EV:  2    Int: 10    God:    Hepliaklqana [**....]
Gold:   721        SH: 11    Dex: 18    Spells: 20/20 levels left

rFire   . . .      SeeInvis .    v - +1 quick blade (elec)
rCold   + . .      Faith    .    P - +2 kite shield {rC+}
rNeg    . . .      Spirit   .    (body armour currently unavailable)
rPois   +          Reflect  .    (helmet currently unavailable)
rElec   .          Harm     .    (cloak currently unavailable)
rCorr   .          Rampage  .    (gloves currently unavailable)
Will    .....      NoTele   +    (boots currently unavailable)
Stlth   +++++                    H - amulet of regeneration
HPRegen 2.00/turn                p - ring of flight
MPRegen 0.16/turn                G - ring of poison resistance

@: mighty, tree-form (expiring), hasted, very quick
A: stationary, stasis, torment immunity, boosted hp, reduced essence, (hooves
1), (thin metallic scales 1), foul stench 1, demonic magic 3, thin skeletal
structure 1, regeneration 1, robust 1
a: Renounce Religion, Recall Ancestor, Ancestor Identity


You were in an ice cave.
You worshipped Hepliaklqana.
Hepliaklqana was pleased with you.
You were a tree.
You visited 3 branches of the dungeon, and saw 11 of its levels.
You also visited: Ossuary and Ice Cave.

You collected 721 gold pieces.

Inventory:

Hand Weapons
 a - a +1 rapier of flaming
 j - a +1 scythe of protection
 v - a +1 quick blade of electrocution (weapon)
Missiles
 d - 2 throwing nets (quivered)
 Q - 4 javelins
Armour
 b - a +0 leather armour
 c - a +0 helmet
 k - a scarf of repulsion
 l - a +0 pair of boots (melded)
 r - a +1 helmet (melded)
 s - a +1 chain mail of poison resistance
 t - a +0 cloak of cold resistance (melded)
 u - a +3 ring mail of positive energy
 E - +0 steam dragon scales
 J - a +0 kite shield
 P - a +2 kite shield of cold resistance (worn)
 R - a +2 leather armour of willpower (melded)
Jewellery
 i - a ring of ice
 p - a ring of flight (left branch)
 G - a ring of poison resistance (right branch)
 H - an amulet of regeneration (around neck)
 I - an amulet of guardian spirit
 S - a ring of protection from fire
Wands
 A - a wand of paralysis (13)
 M - a wand of iceblast (4)
Scrolls
 f - 2 scrolls of butterflies
 h - a scroll of blinking
 n - 2 scrolls of brand weapon
 o - 5 scrolls of magic mapping
 q - 2 scrolls of teleportation
 x - 2 scrolls of fog
 y - a scroll of enchant armour
 D - 2 scrolls of fear
 K - a scroll of poison
Potions
 e - 4 potions of attraction
 g - 2 potions of resistance
 m - 3 potions of flight
 w - 2 potions of ambrosia
 z - 4 potions of curing
 B - a potion of degeneration
 C - a potion of berserk rage
 F - 2 potions of might
 L - 3 potions of lignification
 N - a potion of haste
 O - 2 potions of brilliance


   Skills:
 - Level 6.0 Fighting
 - Level 10.0 Short Blades
 - Level 1.7 Throwing
 - Level 4.0 Armour
 - Level 5.0 Dodging
 - Level 8.0 Stealth
 + Level 3.3 Shields
 - Level 5.0 Spellcasting
 - Level 5.0 Invocations
 - Level 5.0 Evocations


You had 20 spell levels left.
You didn't know any spells.
Your spell library contained the following spells:

 Spells                   Type           Power      Damage    Failure   Level
 Cigotuvi's Dreadful Rot  Necr/Pois/Air  4%         N/A       71%         2
 Poisonous Vapours        Pois/Air       4%         N/A       71%         2
 Ignite Poison            Fire/Tmut/Pois 2%         N/A       91%         3
 Kindle Blastsparks       Fire/Tloc/Air  4%         2d10      91%         3
 Mephitic Cloud           Conj/Pois/Air  2%         N/A       91%         3
 Ozocubu's Armour         Ice            2%         N/A       91%         3
 Sticky Flame             Conj/Fire      2%         2d3       100%        4
 Freezing Cloud           Conj/Ice/Air   1%         6-21      100%        5
 Malign Gateway           Summ/Tloc      1%         N/A       100%        7
 Ozocubu's Refrigeration  Ice            1%         4d7       100%        7
 Ignition                 Fire           1%         3d3       100%        8
 Summon Horrible Things   Summ           1%         N/A       100%        8


Dungeon Overview and Level Annotations

Branches:
Dungeon (9/15)             Temple (1/1) D:6            Lair (1/5) D:8
Ossuary (visited)           IceCv (1/1)
    Orc: D:9-12

Altars:
Ashenzari
Cheibriados
Dithmenos
Fedhas
Gozag
Hepliaklqana
Kikubaaqudgha
Makhleb
Nemelex Xobeh
Okawaru
Qazlal
Ru
Sif Muna
Trog
Uskayaw
Vehumet
Wu Jian
Xom
Yredelemnul

Shops:
D:7 [


Innate Abilities, Weirdness & Mutations

You are a tree.
Your roots penetrate the ground, keeping you stationary.
You cannot be teleported.
You are immune to unholy pain and torment.
Your maximum health is greatly increased.
Your equipment is partially melded.
Your life essence is reduced to manifest your ancestor. (-10% HP)
((You have large cloven feet.))
((You are partially covered in thin metallic scales. (AC +2)))
You may rarely emit foul miasma when damaged in melee.
Spells you cast and wands you use may paralyse nearby enemies.
You have a somewhat thin skeletal structure. (Dex +2, Stealth+)
Your natural rate of healing is unusually fast.
You are robust. (+10% HP)


Message History

The ice devil is heavily wounded.
The harpy simulacrum claws you.
* * * LOW HITPOINT WARNING * * *
The harpy simulacrum freezes you! You resist.
* * * LOW HITPOINT WARNING * * *
The harpy simulacrum claws you but does no damage.
You feel better.
The harpy simulacrum claws you but does no damage.
The harpy simulacrum claws you.
* * * LOW HITPOINT WARNING * * *
The harpy simulacrum freezes you! You resist.
* * * LOW HITPOINT WARNING * * *
The harpy simulacrum barely misses you.
You block the harpy simulacrum's attack.
The ice devil hits you but does no damage.
You feel better.
The harpy simulacrum claws you but does no damage.
The harpy simulacrum claws you.
* * * LOW HITPOINT WARNING * * *
The harpy simulacrum freezes you! You resist.
* * * LOW HITPOINT WARNING * * *
You don't know any spells.
You feel better.
Your transformation is almost over.
You block the harpy simulacrum's attack. x2
The harpy simulacrum claws you but does no damage. x2
The ice devil hits you.
* * * LOW HITPOINT WARNING * * *
The ice devil freezes you! You resist.
* * * LOW HITPOINT WARNING * * *
You emit a cloud of foul miasma!
You feel better. The harpy simulacrum claws you.
* * * LOW HITPOINT WARNING * * *
The harpy simulacrum freezes you. You resist.
* * * LOW HITPOINT WARNING * * *
You block the harpy simulacrum's attack.
The ice devil hits you.
* * * LOW HITPOINT WARNING * * *
The ice devil freezes you! You resist.
You die...

###...###
####.......#
#.(.........
#.(.........
########8........
##...## ##........
##.....###.....###.
#..###..#R.##### ##
#.♣4Z##...##
###4Z.##.##
#ZZZZ##### .Z8Z.Z##
...Z4Z.## ....Z..
......Z .._.Z..
.......


You could see 2 ice devils, a three-headed hydra simulacrum, a death yak
simulacrum, a dire elephant simulacrum and 2 polar bear simulacra.

Vanquished Creatures
  Erolcha (D:9)
  2 two-headed ogres (D:9)
  The ghost of CowFu the Thaumaturge, a novice DjCj of Makhleb (D:8)
  Joseph (D:9)
  Maggie (D:6)
  A freezing wraith (IceCv)
  5 ice devils (IceCv)
  A troll (D:8)
  A polar bear (D:8)
  Sigmund (D:2)
  2 spriggans (D:8)
  4 yaks (Lair:1)
  Eustachio (D:6)
  3 steam dragons
  Edmund (D:6)
  A harpy simulacrum (IceCv)
  4 water moccasins
  3 orc warriors
  2 sky beasts (D:7)
  2 ice beasts
  2 ogres
  3 centaurs
  2 kobold brigands
  A phantom (D:5)
  Blork the orc (D:4)
  A gnoll sergeant (D:6)
  3 bullfrogs
  A cane toad simulacrum (Lair:1)
  2 necrophages (D:7)
  2 scorpions (D:5)
  5 killer bees (D:9)
  2 elephant simulacra
  A howler monkey (D:6)
  3 hounds
  5 orc priests
  2 gnoll boudas
  6 jellies
  Ijyb (D:4)
  3 iguanas
  5 orc wizards
  2 wolf simulacra (IceCv)
  7 mummies (Ossuary)
  11 gnolls
  9 adders
  A white imp (IceCv)
  A worm (D:2)
  3 dart slugs
  36 orcs
  6 bats
  3 endoplasms
  3 giant cockroaches
  A gnoll zombie (Ossuary)
  10 goblins
  7 hobgoblins
  5 jackals
  15 kobolds
  3 quokkas
  6 ball pythons
  4 frilled lizards
  3 hobgoblin zombies (Ossuary)
  A kobold zombie (Ossuary)
  An orc zombie (Ossuary)
  6 rats
233 creatures vanquished.

Vanquished Creatures (collateral kills)
  2 freezing wraiths (IceCv)
  A death yak simulacrum (Lair:1)
  An orc warrior (D:9)
  A cane toad simulacrum (IceCv)
  A mummy (Ossuary)
  5 orcs
  A gnoll zombie (Ossuary)
  An orc zombie (Ossuary)
13 creatures vanquished.

Vanquished Creatures (others)
  A battlemage (IceCv)
  A fungus (D:8)
  A plant (D:8)
3 creatures vanquished.

Grand Total: 249 creatures vanquished

Notes
Turn   | Place    | Note
-------+----------+-------------------------------------------
     0 | D:1      | Newt the Demonspawn Gladiator began the quest for the Orb.
     0 | D:1      | Reached XP level 1. HP: 16/16 MP: 1/1
   151 | D:1      | Reached skill level 1 in Stealth
   459 | D:1      | Gained mutation: Spells you cast may paralyse adjacent
                  | enemies. [demonic ancestry]
   459 | D:1      | Reached XP level 2. HP: 22/22 MP: 2/2
   494 | D:1      | You fall into a shaft and drop 1 floor!
   816 | D:1      | Found a faded altar of an unknown god.
   998 | D:2      | Gained mutation: Spells you cast may paralyse nearby
                  | enemies. [demonic ancestry]
   998 | D:2      | Reached XP level 3. HP: 29/29 MP: 3/3
  1347 | D:2      | Noticed Sigmund
  1367 | D:2      | Gained mutation: You have a somewhat thin skeletal
                  | structure. (Dex +2, Stealth+) [potion of mutation]
  1367 | D:2      | Gained mutation: You are robust. (+10% HP) [potion of
                  | mutation]
  1367 | D:2      | Gained mutation: Your natural rate of healing is unusually
                  | fast. [potion of mutation]
  1374 | D:2      | Killed Sigmund
  1375 | D:2      | Gained mutation: You have large cloven feet. [demonic
                  | ancestry]
  1375 | D:2      | Reached XP level 4. HP: 24/40 MP: 4/4
  1375 | D:2      | Gained mutation: You may rarely emit foul miasma when
                  | damaged in melee. [demonic ancestry]
  1375 | D:2      | Reached XP level 5. HP: 28/46 MP: 5/5
  1941 | D:3      | Gained mutation: You are partially covered in thin metallic
                  | scales. (AC +2) [demonic ancestry]
  1941 | D:3      | Reached XP level 6. HP: 52/52 MP: 6/6
  2222 | D:3      | Reached skill level 3 in Short Blades
  2682 | D:4      | Reached skill level 4 in Short Blades
  2764 | D:4      | Noticed Ijyb
  2768 | D:4      | Killed Ijyb
  2858 | D:4      | Identified a scroll of acquirement
  2870 | D:4      | Acquired a +0 quick blade of electrocution
  2994 | D:4      | Noticed a water moccasin
  3006 | D:4      | Killed a water moccasin
  3007 | D:4      | Reached skill level 5 in Short Blades
  3007 | D:4      | Reached XP level 7. HP: 41/59 MP: 7/7
  3134 | D:4      | Noticed Blork the orc
  3151 | D:4      | Killed Blork the orc
  3629 | D:5      | Entered Level 5 of the Dungeon
  3837 | D:5      | Reached skill level 5 in Dodging
  3894 | D:5      | Reached XP level 8. HP: 66/66 MP: 8/8
  4000 | D:5      | Reached skill level 6 in Short Blades
  4351 | D:6      | Reached skill level 7 in Short Blades
  4511 | D:6      | Found a staircase to the Ecumenical Temple.
  4544 | Temple   | Entered the Ecumenical Temple
  4722 | Temple   | Became a worshipper of Hepliaklqana the Forgotten
  4756 | D:6      | Noticed Eustachio
  4770 | D:6      | Killed Eustachio
  4771 | D:6      | Reached skill level 8 in Short Blades
  4859 | D:6      | Noticed Edmund
  4868 | D:6      | Killed Edmund
  4936 | D:6      | Gained mutation: Spells you cast and wands you use may
                  | paralyse nearby enemies. [demonic ancestry]
  4936 | D:6      | Reached XP level 9. HP: 71/71 MP: 9/9
  5265 | D:6      | Noticed Maggie
  5279 | D:6      | Killed Maggie
  5280 | D:6      | Reached skill level 5 in Evocations
  5545 | D:7      | Reached skill level 5 in Stealth
  5908 | D:7      | Reached skill level 5 in Fighting
  6057 | D:7      | Found Pinouta's Antique Armour Emporium.
  6217 | D:7      | Reached * piety under Hepliaklqana
  6599 | D:8      | Found a runed translucent door.
  6628 | D:8      | Found a staircase to the Lair.
  6698 | D:8      | Found a sand-covered staircase.
  6709 | Ossuary  | Entered an ossuary
  6791 | Ossuary  | Reached XP level 10. HP: 75/76 MP: 10/10
  7049 | D:8      | Found a shadowy altar of Dithmenos.
  7061 | D:8      | Found a radiant altar of Vehumet.
  7128 | D:8      | Found a burning altar of Makhleb.
  7584 | D:8      | Noticed CowFu's ghost (novice DjCj)
  7611 | D:8      | Identified the +0 trident "Newtslayer" {flame, rElec Will-
                  | Dex+4}
  7612 | D:8      | Killed CowFu's ghost
  7617 | D:8      | Reached skill level 1 in Spellcasting
  7789 | D:9      | Noticed Erolcha
  7796 | D:9      | Killed Erolcha
  7822 | D:9      | Reached ** piety under Hepliaklqana
  7823 | D:9      | Remembered your ancestor Centenhua as a battlemage
  7882 | D:9      | Noticed a two-headed ogre
  7886 | D:9      | Killed a two-headed ogre
  7887 | D:9      | Reached skill level 5 in Spellcasting
  7982 | D:9      | Noticed a two-headed ogre
  7987 | D:9      | Noticed Joseph
  7995 | D:9      | Killed a two-headed ogre
  7996 | D:9      | Reached skill level 5 in Invocations
  8007 | D:9      | Killed Joseph
  8156 | D:9      | Reached XP level 11. HP: 81/81 MP: 18/18
  8741 | Lair:1   | Entered Level 1 of the Lair of Beasts
  8789 | Lair:1   | Reached skill level 9 in Short Blades
  8826 | Lair:1   | Found a frozen archway.
  8882 | IceCv    | Entered an ice cave
  9303 | IceCv    | Found an ancient bone altar of Kikubaaqudgha.
  9333 | IceCv    | Reached skill level 10 in Short Blades
  9333 | IceCv    | Reached skill level 1 in Shields
  9366 | IceCv    | HP: 4/121 [harpy simulacrum (8)]
  9370 | IceCv    | Slain by an ice devil

Illustrated notes

Levels and vault maps discovered:
D:1:      dpeg_arrival_leaves_temple_mockup, layout_loops_ring,
          dreamdust_ecumenical_altar_sealed_demon, minmay_indecisive_spiral
D:2:      layout_loops_ring, kennysheep_small_spiral, uniq_sigmund
D:3:      layout_basic
D:4:      layout_loops_corners, nicolae_grassy_gnolls, uniq_ijyb,
          uniq_blork_the_orc
D:5:      layout_cave_pools, nicolae_figureground_sparkle
D:6:      layout_loops_cross, minmay_temple_entry_trees, serial_glass,
          glass_columns_c, glass_columns_a, uniq_eustachio, uniq_edmund,
          uniq_maggie
D:7:      layout_loops_ring, serial_shops, nicolae_shop_stone, st_stairs_2,
          nicolae_kite_square_tiling_tiny
D:8:      layout_basic, vehumet_crystals, mainiacjoe_overflow_catwalk_spiral,
          lair_entry_dummy, ebering_ghost_funeral_grove,
          lightli_ossuary_entry_decrepit_ruins
D:9:      layout_stronghold, uniq_erolcha, uniq_joseph
Temple:   nicolae_temple_bog_church
Lair:1:   layout_roguey, portal_ice_cave_entry_ice_simulacra, minivault_25,
          hellmonk_guarded_unrand_zhor, uniq_grum
IceCv:    ice_cave_small_necro

Skill      XL: |  1  2  3  4  5  6  7  8  9 10 11 |
---------------+----------------------------------+-----
Stealth        | 1 6 8 |  8.0
Fighting       | 3 4 6 |  6.0
Armour         | 3 4 |  4.0
Short Blades   | 5 8 10 | 10.0
Dodging        | 3 5 |  5.0
Evocations     | 3 5 |  5.0
Spellcasting   | 5 |  5.0
Invocations    | 5 |  5.0
Shields        | 3 |  3.3
Throwing       | |  1.7

Action                     |  1- 3 |  4- 6 |  7- 9 | 10-12 || total
---------------------------+-------+-------+-------+-------++-------
  Melee: Rapier            |   108 |   162 |       |       ||   270
         Halberd           |       |    10 |       |       ||    10
         Quick blade       |       |    12 |   555 |   270 ||   837
         Punch             |       |     2 |    11 |     3 ||    16
  Throw: Throwing net      |     6 |       |       |     2 ||     8
         Javelin           |     2 |       |       |     1 ||     3
 Invoke: Ancestor Life: Ba |       |       |       |     1 ||     1
  Evoke: Wand              |       |       |     2 |     2 ||     4
    Use: Scroll            |     6 |     7 |     6 |     7 ||    26
         Potion            |     3 |       |     1 |     9 ||    13
   Stab: Sleeping          |     3 |    15 |    17 |     9 ||    44
         Paralysed         |       |       |     3 |     1 ||     4
         Distracted        |       |       |       |     2 ||     2
 Armour: Leather armour    |    47 |    88 |    53 |    21 ||   209
         Steam dragon scal |       |       |    44 |    10 ||    54
         Skin              |       |       |       |    26 ||    26
  Dodge: Dodged            |    66 |   120 |   195 |    73 ||   454
         Repelled          |       |       |     1 |     1 ||     2
  Block: Kite shield       |       |       |       |    27 ||    27

Table legend: (Time is in decaauts)
 A = Elapsed time spent in this place.
 B = Non-inter-level travel time spent in this place.
 C = Inter-level travel time spent in this place.
 D = Time resting spent in this place.
 E = Time spent auto-exploring this place.
 F = Levels seen in this place.
 G = Mean time per level.
                   A        B        C        D        E       F      G
               +--------+--------+--------+--------+--------+-----+--------+
         Total |   8813 |   8411 |    402 |   1579 |   5235 |  13 |  677.9 |
       Dungeon |   7902 |   7539 |    363 |   1222 |   4926 |   9 |  878.0 |
        Temple |    193 |    154 |     39 |      0 |    140 |   1 |  193.0 |
          Lair |    114 |    114 |      0 |     30 |     28 |   1 |  114.0 |
       Ossuary |    162 |    162 |      0 |      0 |     99 |   1 |  162.0 |
      Ice Cave |    440 |    440 |      0 |    327 |     42 |   1 |  440.0 |
               +--------+--------+--------+--------+--------+-----+--------+

Top non-repeatable levels by time:
     D:4: 1268 daAuts
     D:8: 1029 daAuts
     D:7: 999 daAuts
     D:1: 988 daAuts
     D:2: 925 daAuts
     D:9: 917 daAuts
     D:6: 738 daAuts
     D:3: 604 daAuts
   IceCv: 440 daAuts
     D:5: 430 daAuts
  Temple: 193 daAuts
 Ossuary: 162 daAuts
  Lair:1: 114 daAuts
